 Dungeon Crawl Stone Soup version 0.30-a0-591-g3c58d2bc28 (webtiles) character file.

Game seed: 16438998259352639547

80437 ragingrage the Covert (level 15, -2/97 HPs)
             Began as an Octopode Artificer on Jan 5, 2023.
             Was an Initiate of Gozag.
             Slain by an orc knight
             ... wielding a +0 great mace
              (24 damage)
             ... on level 2 of the Orcish Mines on Jan 6, 2023.
             The game lasted 01:05:52 (37537 turns).

ragingrage the Covert (Octopode Artificer)         Turns: 37537, Time: 01:05:52

Health: -2/97      AC: 10    Str: 10    XL:     15   Next: 67%
Magic:  33/33      EV: 16    Int: 21    God:    Gozag
Gold:   2499       SH:  5    Dex: 15    Spells: 0/26 levels left

rFire   + + .      SeeInvis .    a - +7 quick blade "Killer Klown's Doom" {elec, rElec MP+9 Str-3 Dex+2}
rCold   + . .      Faith    .    (no shield)
rNeg    . . .      Spirit   .    X - +1 hat of Redest {+Blink rPois rF++}
rPois   +          Reflect  +    r - amulet of reflection
rElec   +          Harm     .    h - ring of willpower
rCorr   .          Rampage  .    K - ring of wizardry
Will    ++...                    O - +4 ring of protection
Stlth   +++++++                  s - ring "Xeokuock" {rC+ AC+4 Int+2}
HPRegen 0.36/turn                T - +4 ring of slaying
MPRegen 0.23/turn                H - ring of flight
                                 (no ring)
                                 (no ring)

@: flying
A: almost no armour, amphibious, 8 rings, camouflage 1, gelatinous body 1,
(nimble swimmer 1), tentacles
a: Renounce Religion, Evoke Blink, Potion Petition, Call Merchant, Bribe Branch


You were on level 2 of the Orcish Mines.
You worshipped Gozag.
Gozag was most pleased with you.
You visited 4 branches of the dungeon, and saw 22 of its levels.
You also visited: Sewer.

You collected 7262 gold pieces.
You spent 2631 gold pieces at shops.
You paid 2132 gold pieces to Gozag.

Inventory:

Hand Weapons
 a - the +7 quick blade "Killer Klown's Doom" (weapon) {elec, rElec MP+9 Str-3 Dex+2}
   (You acquired it on level 2 of the Orcish Mines)

   Str:       It affects your strength (-3).
   Dex:       It affects your dexterity (+2).
   rElec:     It insulates you from electricity.
   MP:        It affects your magic capacity (+9).
 b - the +8 rapier of Painted Watchfulness {flame, rC+ Str+2 Dex+2}
   (You bought it in a shop on level 3 of the Lair of Beasts)

   Str:       It affects your strength (+2).
   Dex:       It affects your dexterity (+2).
   rC:        It protects you from cold.
 c - the +1 falchion "Qelecw" {flame, rF+ rC+ rN+}
   (You found it on level 1 of the Lair of Beasts)

   rF:        It protects you from fire.
   rC:        It protects you from cold.
   rN:        It protects you from negative energy.
 J - the +3 sling of Zin's Indignation {heavy, rPois rC++ Dex+4 Stlth-}
   (You found it on level 11 of the Dungeon)

   Dex:       It affects your dexterity (+4).
   rC:        It greatly protects you from cold.
   rPois:     It protects you from poison.
   Stlth:     It makes you less stealthy.
Missiles
 j - a curare-tipped dart
 A - 4 throwing nets
Armour
 X - the +1 hat of Redest (worn) {+Blink rPois rF++}
   (You acquired it on level 5 of the Lair of Beasts)

   rF:        It greatly protects you from fire.
   rPois:     It protects you from poison.
   +Blink:    It lets you blink.
Jewellery
 h - a ring of willpower (left tentacle)
 o - a ring of fire
 r - an amulet of reflection (around mantle)
 s - the ring "Xeokuock" (on tentacle) {rC+ AC+4 Int+2}
   (You found it on level 13 of the Dungeon)

   [ring of protection]

   AC:        It affects your AC (+4).
   Int:       It affects your intelligence (+2).
   rC:        It protects you from cold.
 H - a ring of flight (on tentacle)
 K - a ring of wizardry (right tentacle)
 O - a +4 ring of protection (on tentacle)
 Q - a ring of ice
 T - a +4 ring of slaying (on tentacle)
 Z - a ring of positive energy
Wands
 d - a wand of iceblast (9)
 y - a wand of paralysis (2)
 z - a wand of polymorph (7)
 B - a wand of flame (23)
 D - a wand of light (21)
 M - a wand of digging (5)
Scrolls
 n - 5 scrolls of fog
 t - 7 scrolls of teleportation
 u - a scroll of poison
 v - 2 scrolls of blinking
 w - 4 scrolls of vulnerability
 F - 5 scrolls of immolation
 G - 3 scrolls of identify
 L - 3 scrolls of magic mapping
 N - 4 scrolls of torment
 P - 5 scrolls of amnesia
 V - a scroll of fear
 Y - a scroll of enchant armour
Potions
 e - 4 potions of brilliance
 f - 5 potions of attraction
 g - 6 potions of curing
 i - 3 potions of lignification
 k - 2 potions of berserk rage
 l - 10 potions of ambrosia
 m - 3 potions of haste
 q - 3 potions of invisibility
 x - 7 potions of heal wounds
 C - 6 potions of degeneration
 E - 6 potions of mutation
 I - 2 potions of flight {unknown}
 R - 2 potions of might
 S - 3 potions of magic {unknown}
 U - 2 potions of resistance
Miscellaneous
 p - a box of beasts
 W - a phantom mirror


   Skills:
 + Level 7.3 Fighting
 - Level 14.0 Short Blades
 + Level 6.5 Dodging
 + Level 14.2 Stealth
 - Level 1.4 Unarmed Combat
 - Level 6.0 Spellcasting
 - Level 10.0 Conjurations
 - Level 9.0 Hexes
 - Level 2.0 Translocations
 + Level 6.9 Transmutations
 - Level 7.0 Ice Magic
 - Level 3.0 Air Magic
 + Level 8.9 Evocations


You couldn't memorise any spells.
You knew the following spells:

 Your Spells              Type           Power      Damage    Failure   Level
a - Wereblood             Tmut           35%        N/A       1%          2
b - Blink                 Tloc           28%        N/A       2%          2
c - Fulminant Prism       Conj/Hex       23%        3d12      1%          4
d - Ensorcelled Hibernat  Hex/Ice        78%        N/A       1%          2
e - Ice Form              Ice/Tmut       35%        N/A       2%          4
f - Frozen Ramparts       Ice            70%        1d11      1%          3
g - Swiftness             Air            18%        N/A       3%          3
h - Airstrike             Air            9%         2d(2-18)  12%         4
i - Searing Ray           Conj           96%        2d7       1%          2

Your spell library contained the following spells:

 Spells                   Type           Power      Damage    Failure   Level
 Beastly Appendage        Tmut           70%        N/A       1%          1
 Magic Dart               Conj           100%       1d8       1%          1
 Shock                    Conj/Air       100%       1d9       1%          1
 Momentum Strike          Conj/Tloc      62%        3d9       1%          2
 Passwall                 Tmut/Erth      16%        N/A       1%          2
 Spider Form              Tmut/Pois      20%        N/A       2%          3
 Gell's Gravitas          Tloc           14%        N/A       5%          3
 Lesser Beckoning         Tloc           28%        N/A       5%          3
 Teleport Other           Tloc           14%        N/A       5%          3
 Anguish                  Hex/Necr       12%        N/A       6%          4
 Summon Ice Beast         Ice/Summ       21%        N/A       9%          4
 Dispersal                Tloc           7%         N/A       92%         6
 Chain Lightning          Conj/Air       16%        3d22      100%        9
 Fire Storm               Conj/Fire      13%        8d4       100%        9
 Shatter                  Erth           3%         3d7*      100%        9


Dungeon Overview and Level Annotations

Branches:
Dungeon (14/15)            Temple (0/1) D:4            Lair (5/5) D:10
  Swamp (0/4) Lair:3        Snake (1/4) Lair:3        Slime (0/5) Lair:5
    Orc (2/2) D:9             Elf (0/3) Orc:2        Vaults (0/5) D:14
  Sewer (visited)

Altars:
Ashenzari
Fedhas
Gozag
Qazlal
Ru
Trog
Uskayaw
Vehumet
Wu Jian
Yredelemnul
Zin

Shops:
D:4 =   D:9 *   D:10 (:   D:11 *   Orc:2 *?   Lair:2 (   Lair:3 (

Annotations:
D:6 1 runed translucent door, Persephone's ghost, novice GrBe
D:13 exclusion: downstairs
Lair:2 exclusion: 2 downstairs
Lair:5 1 runed translucent door, 1 exclusion


Innate Abilities, Weirdness & Mutations

You cannot wear most types of armour.
You are amphibious.
You can wear up to eight rings at the same time.
Your skin changes colour to match your surroundings (Stealth+).
Your rubbery body absorbs attacks. (AC +1, EV +1)
((You are camouflaged when in or above water. (Stealth+)))
You have tentacles for arms and can constrict up to eight enemies at once.


Message History

The orc warrior is heavily wounded.
You constrict the orc warrior. You puncture the orc warrior!
The orc warrior is almost dead.
You constrict the orc warrior, but do no damage.
You hit the orc warrior.
Lightning courses through the orc warrior!!
You kill the orc warrior!
Items here: $ ))))))) [[[[[.
You start resting.
An orc knight is nearby!
The orc knight hits you with a +0 great mace!!
You hit the orc knight but do no damage.
You grab the orc knight. You squeeze the orc knight!
The orc knight is lightly wounded.
You constrict the orc knight, but do no damage.
The orc knight completely misses you.
You hit the orc knight but do no damage.
You squeeze the orc knight.
The orc knight is moderately wounded.
You constrict the orc knight, but do no damage.
You hit the orc knight.
The orc knight is moderately wounded.
You constrict the orc knight, but do no damage.
You hit the orc knight but do no damage.
The orc knight is moderately wounded.
You constrict the orc knight.
The orc knight hits you with a +0 great mace!!
* * * LOW HITPOINT WARNING * * *
You hit the orc knight but do no damage.
The orc knight is moderately wounded.
You constrict the orc knight, but do no damage.
You hit the orc knight but do no damage.
The orc knight is moderately wounded.
You constrict the orc knight, but do no damage.
You release your grip on the orc knight.
The orc knight attacks as you move away!
The orc knight hits you with a +0 great mace!!
You die...
Your body crumbles into a pile of gold.

...#.#...)....))......#
..####.......##)..#....#
###.##....#.###..###..##
##.......#####).#######
###.......###..###.##
#####.##.###).###$.$# <#
#######).###.#$#.# ##
##))###..o#$..# ####
##).###.)@###...# ##.##
##))###...## #...#
#...###.....)).## #...#
##.###....#...## #...#
#.###...#....## #.#.
.###∩.#.....## .o
###..?..#..##
.###∩.#.....#
..###...#....#


You could see an orc knight.

Vanquished Creatures
  Jorgrun (Orc:1)
  Gastronok (Lair:2)
  Kirke (Lair:5)
  An ettin (Orc:1)
  Josephine (Lair:3)
  4 vault guards
  A fire dragon (Lair:5)
  2 hydras
  A boulder beetle (D:14)
  2 centaur warriors
  A catoblepas (D:13)
  4 two-headed ogres
  Urug (Lair:5)
  A tengu warrior (D:13)
  An orc high priest (Orc:2)
  A soul eater (Orc:2)
  A sun demon (Orc:2)
  A fire crab (shapeshifter) (D:14)
  Pikel (D:4)
  2 orc knights (Orc:2)
  5 ugly things
  2 lindwurms (Lair:5)
  2 wolf spiders
  5 cyclopes
  3 orc sorcerers
  A deep elf pyromancer (D:12)
  2 manticores
  10 elephants
  A guardian serpent (Lair:5)
  13 black mambas
  Joseph (D:9)
  11 cane toads
  4 torpor snails (Lair:5)
  2 kobold demonologists (D:12)
  3 rime drakes
  An efreet (D:14)
  2 ice devils (D:9)
  8 komodo dragons
  4 trolls
  11 hornets
  3 tyrant leeches
  A queen bee (D:9)
  A polar bear (Lair:1)
  14 blink frogs
  12 dream sheep
  Sigmund (D:2)
  9 slime creatures
  A ynoxinul (Orc:2)
  A shadow (D:9)
  5 wraiths
  45 yaks
  A vampire (D:6)
  17 wyverns
  4 hogs (Lair:5)
  5 basilisks
  3 redbacks (Lair:5)
  A basilisk (shapeshifter) (D:13)
  2 neqoxecs (D:9)
  A steam dragon (D:9)
  2 vampire mosquitoes (D:14)
  2 wargs
  5 acid dragons
  26 water moccasins
  A swamp worm (Lair:3)
  2 ice beasts (D:6)
  A black bear (D:6)
  17 orc warriors
  10 centaurs
  4 ogres
  12 wolves
  3 lemures (D:4)
  11 bullfrogs
  4 kobold brigands
  2 scorpions
  5 wights
  44 killer bees
  8 crimson imps (D:7)
  3 quasits (D:9)
  25 orc priests
  7 hounds
  A gnoll bouda (D:6)
  3 jellies
  4 iguanas
  13 orc wizards
  Robin (D:4)
  13 gnolls
  9 adders
  A shadow imp (D:5)
  4 white imps
  4 worms
  A dart slug (D:4)
  80 orcs
  5 bats
  7 endoplasms
  3 giant cockroaches
  16 goblins
  9 hobgoblins
  4 jackals
  5 quokkas
  6 ball pythons
  6 frilled lizards
  30 kobolds
  7 rats
673 creatures vanquished.

Vanquished Creatures (collateral kills)
  A hydra (Lair:3)
  An elephant (Lair:5)
  4 dream sheep (Lair:3)
  A swamp worm (Lair:3)
7 creatures vanquished.

Vanquished Creatures (others)
  A cane toad (Lair:2)
  A tyrant leech (Lair:3)
  A slime creature (D:14)
  A wyvern (D:10)
  A gnoll (D:3)
  A kobold (D:10)
  2 demonic plants (D:9)
  71 fulminant prisms
  84 fungi
  128 plants
291 creatures vanquished.

Grand Total: 971 creatures vanquished

Notes
Turn   | Place    | Note
-------+----------+-------------------------------------------
     0 | D:1      | ragingrage the Octopode Artificer began the quest for the
                  | Orb.
     0 | D:1      | Reached XP level 1. HP: 13/13 MP: 1/1
   104 | D:1      | Reached skill level 1 in Unarmed Combat
   171 | D:1      | Reached XP level 2. HP: 15/18 MP: 2/2
   608 | D:1      | Reached XP level 3. HP: 23/23 MP: 3/3
   961 | D:2      | Noticed Sigmund
   967 | D:2      | Killed Sigmund
   968 | D:2      | Reached skill level 1 in Short Blades
   968 | D:2      | Reached XP level 4. HP: 29/30 MP: 4/4
   968 | D:2      | Reached XP level 5. HP: 34/35 MP: 5/5
  1575 | D:3      | Reached XP level 6. HP: 37/41 MP: 6/6
  1810 | D:3      | Found a broken altar of Ashenzari.
  2858 | D:3      | Found an opulent altar of Gozag.
  2913 | D:3      | Became a worshipper of Gozag Ym Sagoz the Greedy
  2992 | D:4      | Found a glowing drain.
  2996 | Sewer    | Entered a sewer
  3060 | Sewer    | Noticed a water moccasin
  3073 | Sewer    | Killed a water moccasin
  3074 | Sewer    | Reached skill level 5 in Evocations
  3131 | D:4      | Noticed Robin
  3145 | D:4      | Killed Robin
  3171 | D:4      | Reached skill level 5 in Stealth
  3171 | D:4      | Reached XP level 7. HP: 41/46 MP: 7/7
  3349 | D:4      | Identified the +6 mace "Wom Eqae" {elec, rPois rF+}
  3587 | D:4      | Found a staircase to the Ecumenical Temple.
  3599 | D:4      | Found an ornate altar of the Wu Jian Council.
  3655 | D:4      | Found Vakups's Jewellery Emporium.
  3664 | D:4      | Bought a ring of willpower for 275 gold pieces
  4003 | D:4      | Found a glowing silver altar of Zin.
  4241 | D:4      | Noticed Pikel
  4533 | D:5      | Entered Level 5 of the Dungeon
  4810 | D:5      | Reached skill level 5 in Short Blades
  4810 | D:5      | Reached XP level 8. HP: 44/52 MP: 8/8
  5194 | D:5      | Found a blossoming altar of Fedhas.
  5243 | D:5      | Noticed a hornet
  5254 | D:5      | Killed a hornet
  5788 | D:5      | Learned a level 2 spell: Searing Ray
  6152 | D:6      | Found a bloodstained altar of Trog.
  6259 | D:6      | Reached skill level 1 in Conjurations
  6360 | D:6      | Noticed a vampire
  6366 | D:6      | Killed a vampire
  6480 | D:6      | Reached XP level 9. HP: 58/58 MP: 9/9
  6676 | D:6      | Found a runed translucent door.
  6684 | D:6      | Noticed Persephone's ghost (novice GrBe)
  6694 | D:6      | Found a radiant altar of Vehumet.
  6801 | D:6      | Found a stormy altar of Qazlal.
  8632 | D:8      | Found a basalt altar of Yredelemnul.
  8950 | D:8      | Learned a level 2 spell: Blink
  9071 | D:8      | Reached skill level 5 in Conjurations
  9071 | D:8      | Reached XP level 10. HP: 33/63 MP: 1/10
  9714 | D:8      | Reached skill level 10 in Short Blades
 10463 | D:4      | Killed Pikel
 11017 | D:9      | Bought 3 scrolls labelled YVUPYSH DULAV for 102 gold pieces
 11017 | D:9      | Bought a scroll labelled GUAWUC SIQO for 34 gold pieces
 11017 | D:9      | Bought a brown potion for 30 gold pieces
 11130 | D:9      | Found a hide-covered altar of Uskayaw.
 11400 | D:9      | Noticed a rust devil
 11453 | D:10     | Entered Level 10 of the Dungeon
 11621 | D:10     | Learned a level 4 spell: Fulminant Prism
 11771 | D:10     | Found a staircase to the Lair.
 11771 | D:10     | Noticed an elephant
 11820 | D:9      | Reached skill level 1 in Hexes
 11885 | D:10     | Noticed a two-headed ogre
 11896 | D:10     | Killed a two-headed ogre
 12215 | D:10     | Found a sacrificial altar of Ru.
 12257 | D:10     | Reached skill level 10 in Stealth
 12549 | D:10     | Found Nuhecref's Weapon Shoppe.
 12552 | D:10     | Bought a +1 rapier of venom for 188 gold pieces
 13006 | D:10     | Killed an elephant
 13007 | D:10     | Reached XP level 11. HP: 17/69 MP: 8/11
 13303 | Lair:1   | Entered Level 1 of the Lair of Beasts
 14615 | Lair:1   | Identified the +1 falchion "Qelecw" {flame, rF+ rC+ rN+}
 14711 | Lair:1   | Reached skill level 5 in Hexes
 15370 | Lair:1   | Reached skill level 1 in Spellcasting
 15906 | Lair:2   | Noticed Gastronok
 16688 | Lair:1   | Learned a level 2 spell: Ensorcelled Hibernation
 17229 | Lair:2   | Killed Gastronok
 17230 | Lair:2   | Reached XP level 12. HP: 28/74 MP: 14/16
 17799 | Lair:2   | Reached skill level 1 in Translocations
 17799 | Lair:2   | Reached skill level 1 in Ice Magic
 18224 | Lair:3   | Found a staircase to the Swamp.
 18468 | Lair:3   | Noticed an eight-headed hydra
 18486 | Lair:3   | Killed an eight-headed hydra
 18581 | Lair:3   | Noticed a four-headed hydra
 19974 | Lair:3   | Noticed Josephine
 20520 | Lair:3   | Killed Josephine
 21520 | Lair:3   | Found a staircase to the Snake Pit.
 21758 | Lair:3   | Killed a four-headed hydra
 21759 | Lair:3   | Reached XP level 13. HP: 79/79 MP: 17/20
 22046 | Lair:3   | Reached skill level 5 in Spellcasting
 22366 | Lair:3   | Bought the +8 rapier of Painted Watchfulness {flame, rC+
                  | Str+2 Dex+2} for 765 gold pieces
 22404 | Lair:4   | Found a sacrificial altar of Ru.
 23236 | Snake:1  | Entered Level 1 of the Snake Pit
 23883 | Lair:5   | Entered Level 5 of the Lair of Beasts
 23888 | Lair:5   | Reached skill level 10 in Conjurations
 24034 | Lair:5   | Noticed Kirke
 24034 | Lair:5   | Found a gate leading to a gauntlet.
 24086 | Lair:5   | Reached skill level 5 in Ice Magic
 25203 | Lair:5   | Learned a level 4 spell: Ice Form
 25231 | Lair:5   | Noticed Urug
 25239 | Lair:5   | Killed Urug
 25321 | Lair:5   | Reached skill level 1 in Transmutations
 25367 | Lair:5   | Learned a level 3 spell: Frozen Ramparts
 25885 | Lair:5   | Found a runed translucent door.
 25885 | Lair:5   | Noticed an azure jelly
 25944 | Lair:5   | Identified a scroll of acquirement
 25944 | Lair:5   | Acquired the +1 hat of Redest {+Blink rPois rF++}
 26265 | Lair:5   | Reached XP level 14. HP: 67/85 MP: 18/23
 27389 | Lair:5   | Noticed an azure jelly
 27389 | Lair:5   | Noticed an azure jelly
 27391 | Lair:5   | Noticed an azure jelly
 27490 | Lair:5   | Found a staircase to the Slime Pits.
 28513 | Lair:5   | Killed Kirke
 28927 | Lair:5   | Found a runed translucent door.
 29301 | Lair:5   | Reached skill level 5 in Transmutations
 29901 | D:11     | Identified the +3 sling of Zin's Indignation {heavy, rPois
                  | rC++ Dex+4 Stlth-}
 30035 | D:11     | Noticed Maurice
 30039 | D:11     | Maurice changed into Maurice the bullfrog
 30039 | D:11     | Noticed Maurice
 30045 | D:11     | Killed Maurice the bullfrog
 30075 | D:11     | Found Ykhidagy's General Store.
 30082 | D:11     | Bought a potion of heal wounds for 55 gold pieces
 30082 | D:11     | Bought a potion of mutation for 88 gold pieces
 30086 | D:11     | Learned a level 3 spell: Swiftness
 30417 | D:11     | Reached skill level 1 in Air Magic
 30886 | D:12     | Reached skill level 5 in Fighting
 30890 | D:12     | Found the +6 shillelagh "Devastator" {shatter}
 31286 | D:12     | Learned a level 4 spell: Airstrike
 32236 | D:13     | Identified the ring "Xeokuock" {rC+ AC+4 Int+2}
 32304 | D:13     | You are sucked into a shaft and drop 1 floor!
 32323 | D:14     | Reached XP level 15. HP: 94/94 MP: 20/24
 32359 | D:14     | Found a gate to the Vaults.
 32732 | D:13     | Reached skill level 5 in Dodging
 32919 | D:13     | Learned a level 2 spell: Wereblood
 34861 | D:9      | Noticed Joseph
 34868 | D:9      | Killed Joseph
 34957 | D:9      | Found a staircase to the Orcish Mines.
 35540 | Orc:1    | Entered Level 1 of the Orcish Mines
 35585 | Orc:2    | Entered Level 2 of the Orcish Mines
 35597 | Orc:2    | Found a staircase to the Elven Halls.
 35802 | Orc:2    | Noticed Jorgrun
 35988 | Orc:1    | Killed Jorgrun
 37064 | Orc:2    | Found Migoepir's General Store.
 37068 | Orc:2    | Found Xostalo's Magic Scroll Shoppe.
 37304 | Orc:2    | Bought a potion of resistance for 160 gold pieces
 37304 | Orc:2    | Bought a scroll of fear for 64 gold pieces
 37306 | Orc:2    | Bought a scroll of acquirement for 676 gold pieces
 37306 | Orc:2    | Bought a scroll of blinking for 97 gold pieces
 37306 | Orc:2    | Bought a scroll of blinking for 97 gold pieces
 37306 | Orc:2    | Acquired the +7 quick blade "Killer Klown's Doom" {elec,
                  | rElec MP+9 Str-3 Dex+2}
 37537 | Orc:2    | Slain by an orc knight

Illustrated notes

Levels and vault maps discovered:
D:1:      lightli_iron_boxes, layout_loops_ring
D:2:      layout_basic, uniq_sigmund
D:3:      layout_basic, lemuel_coloured_pillars_altar,
          nicolae_ashenzari_skybound, minmay_misc_feat_rows
D:4:      layout_gridville, nzn_wu_jian_contemplation, zin_scriptorium,
          minmay_temple_entry_from_below_a, gup_sewer_entry_bowl, serial_shops,
          nicolae_shop_temple_entry_statues_fountains, guppyfry_early_lair_pool,
          uniq_robin, uniq_pikel
D:5:      layout_layer_cave, mainiacjoe_overflow_small_starburst
D:6:      layout_basic, nicolae_overflow_hidden_temple,
          trog_three_pillars_becter, nicolae_qazlal_scattered_showers,
          ebering_ghost_sewer_d, lexackson_kobold_supper
D:7:      layout_rooms, hangedman_decor_slide_cut, minmay_nine_imps
D:8:      layout_loops_ring, yredelemnul_altar_generic
D:9:      layout_roguey, general_overflow_altar, david_orc_5, special_room
          [special_room_bee], serial_demonic, serial_demonic_c,
          serial_demonic_g, serial_demonic_a, serial_demonic_b, uniq_joseph
D:10:     layout_irregular_city, hangedman_ru_absence, david_lair_generic,
          serial_shops, kennysheep_mini
D:11:     layout_loops_ring, serial_shops, shop, uniq_maurice
D:12:     layout_roguey, serial_curves, eino_curves_03, eino_curves_04
D:13:     layout_irregular_city
D:14:     layout_loops_ring, lightli_vaults_fourway_checkpoint,
          chequers_serial_rivers_large_a, dk_noncrumbling_4
Lair:1:   layout_chaotic_city
Lair:2:   layout_loops_ring, infiniplex_staircase_pool, uniq_gastronok
Lair:3:   layout_chaotic_city, minmay_swamp_entry_worms,
          minmay_snake_entry_six_corridors, uniq_josephine
Lair:4:   layout_loops_ring, basic_altar
Lair:5:   wormcave, layout_layer_cave, hangedman_lair_tendril_chambers,
          slime_entry_2, gauntlet_entry_generic, st_stairs_13,
          lemuel_fruit_tree, uniq_urug, uniq_kirke
Snake:1:  layout_basic, minmay_shoptagon
Orc:1:    layout_diamond_mine, nicolae_orc_rockfall, uniq_nergalle
Orc:2:    pf_orc_diabolical, layout_caves, uniq_jorgrun

Skill      XL: |  1  2  3  4  5  6  7  8  9 10 11 12 13 14 15 |
---------------+----------------------------------------------+-----
Unarmed Combat | 1 |  1.4
Stealth        | 2 3 4 5 7 8 9 10 13 14 | 14.2
Fighting       | 2 3 4 5 7 |  7.3
Short Blades   | 1 2 3 5 6 9 10 11 12 13 14 | 14.0
Evocations     | 4 5 7 8 |  8.9
Conjurations   | 2 5 8 9 10 | 10.0
Hexes          | 3 5 6 8 9 |  9.0
Spellcasting   | 3 4 6 |  6.0
Translocations | 2 |  2.0
Ice Magic      | 4 6 7 |  7.0
Transmutations | 3 5 6 |  6.9
Dodging        | 4 6 |  6.5
Air Magic      | 3 |  3.0

Action                   |  1- 3 |  4- 6 |  7- 9 | 10-12 | 13-15 || total
-------------------------+-------+-------+-------+-------+-------++-------
Melee: Unarmed           |    20 |       |       |       |     6 ||    26
       Tentacles         |    16 |    19 |   113 |   137 |   128 ||   413
       Constrict         |    13 |    25 |    90 |    49 |    81 ||   258
       Short sword       |    57 |   114 |   346 |       |       ||   517
       Punch             |     1 |     4 |    14 |    13 |    12 ||    44
       Dagger            |       |       |    60 |   162 |       ||   222
       Rapier            |       |       |       |   287 |   591 ||   878
       Quick blade       |       |       |       |       |    58 ||    58
Throw: Dart              |       |     8 |    25 |    48 |     9 ||    90
 Cast: Searing Ray       |       |       |     4 |    62 |     1 ||    67
       Fulminant Prism   |       |       |       |    41 |    30 ||    71
       Ensorcelled Hiber |       |       |       |    19 |   336 ||   355
       Ice Form          |       |       |       |       |     1 ||     1
       Frozen Ramparts   |       |       |       |       |     5 ||     5
       Wereblood         |       |       |       |       |     3 ||     3
       Blink             |       |       |       |       |     2 ||     2
Invok: Call Merchant     |       |       |       |     2 |     1 ||     3
 Abil: End Transformatio |       |       |       |       |     1 ||     1
Evoke: Wand              |     1 |     3 |    14 |    25 |     8 ||    51
       Phantom mirror    |       |       |       |     1 |     1 ||     2
       Box of beasts     |       |       |       |       |     1 ||     1
  Use: Scroll            |       |       |     8 |    14 |     8 ||    30
       Potion            |       |       |       |     3 |       ||     3
 Stab: Sleeping          |     6 |    10 |    19 |     8 |   165 ||   208
       Distracted        |       |       |     3 |     1 |     6 ||    10
       Invisible         |       |       |     1 |     8 |     5 ||    14
Armor: Skin              |     4 |     5 |    21 |    79 |    93 ||   202
Dodge: Dodged            |    44 |    53 |   139 |   279 |   278 ||   793
Block: Other             |       |    18 |    76 |    96 |   109 ||   299
       Reflection        |       |       |     5 |     1 |     4 ||    10

Table legend: (Time is in decaauts)
 A = Elapsed time spent in this place.
 B = Non-inter-level travel time spent in this place.
 C = Inter-level travel time spent in this place.
 D = Time resting spent in this place.
 E = Time spent auto-exploring this place.
 F = Levels seen in this place.
 G = Mean time per level.
                   A        B        C        D        E       F      G
               +--------+--------+--------+--------+--------+-----+--------+
         Total |  36935 |  34655 |   2280 |  12401 |  14671 |  23 | 1605.9 |
       Dungeon |  18657 |  17483 |   1174 |   4509 |   9424 |  14 | 1332.6 |
          Lair |  16233 |  15137 |   1096 |   7159 |   4526 |   5 | 3246.6 |
     Snake Pit |      1 |      1 |      0 |      0 |      0 |   1 |    1.0 |
  Orcish Mines |   1917 |   1908 |      9 |    728 |    651 |   2 |  958.5 |
         Sewer |    124 |    124 |      0 |      4 |     70 |   1 |  124.0 |
               +--------+--------+--------+--------+--------+-----+--------+

Top non-repeatable levels by time:
  Lair:5: 4053 daAuts
  Lair:1: 3330 daAuts
  Lair:3: 3167 daAuts
  Lair:2: 2894 daAuts
  Lair:4: 2787 daAuts
     D:4: 1927 daAuts
    D:10: 1830 daAuts
     D:9: 1768 daAuts
     D:6: 1573 daAuts
     D:5: 1455 daAuts
    D:14: 1442 daAuts
   Orc:2: 1409 daAuts
     D:8: 1345 daAuts
     D:3: 1311 daAuts
    D:12: 1252 daAuts
